 Dungeon Crawl Stone Soup version 0.31-a0-875-g02e7d12df6 (webtiles) character file.

Game seed: 5669637131994222186

341 Dirtsage the Ruffian (level 6, -8/41 HPs)
             Began as an Octopode Shapeshifter on Oct 12, 2023.
             Mangled by an orc
             ... wielding a +0 trident
              (10 damage)
             ... on level 3 of the Dungeon.
             The game lasted 00:04:05 (2119 turns).

Dirtsage the Ruffian (Octopode Shapeshifter)        Turns: 2119, Time: 00:04:05

Health: -8/41      AC:  1    Str: 21    XL:     6   Next: 56%
Magic:  15/15      EV: 13    Int: 13    God:
Gold:   86         SH:  0    Dex: 11    Spells: 5/5 levels left

rFire   . .          .
                       - Unarmed
rCold   . . .        (no shield)
rNeg    . . .        (helmet currently unavailable)
rPois   .            (no amulet)
rElec   .            d - +6 ring of strength
rCorr   .            k - ring of magical power
SInv    .            (no ring)
Will    .....        (no ring)
Stlth   ++           (no ring)
HPRegen 0.26/turn    (no ring)
MPRegen 0.14/turn    (no ring)
                     (no ring)

%: no passive effects
@: mighty, beast-form
A: beast (slay +2), almost no armour, amphibious, 8 rings, camouflage 1,
gelatinous body 1, (nimble swimmer 1), tentacles
a: Begin Untransformation


You were on level 3 of the Dungeon.
You were a hulking beast.
You visited 1 branch of the dungeon, and saw 3 of its levels.

You collected 86 gold pieces.

Inventory:

Jewellery
 d - a +6 ring of strength (left tentacle)
 k - a ring of magical power (right tentacle)
Talismans
 b - a beast talisman (active)
 c - a flux talisman
Scrolls
 e - a scroll of fog {unknown}
 f - a scroll of summoning {unknown}
 g - a scroll of brand weapon {unknown}
 h - a scroll of amnesia {unknown}
 i - 2 scrolls of enchant weapon {unknown}
 j - a scroll of teleportation {unknown}
 l - 2 scrolls of identify {unknown}
 n - 2 scrolls of poison {unknown}
 p - a scroll of fear {unknown}
 q - a scroll of acquirement {unknown}
 s - a scroll of enchant armour {unknown}
 t - a scroll of revelation {unknown}
Potions
 a - a potion of lignification
 m - a potion of attraction {unknown}
 o - a potion of brilliance {unknown}


   Skills:
 + Level 2.8 Fighting
 - Level 2.0 Dodging
 * Level 5.1 Unarmed Combat
 * Level 4.7 Shapeshifting


You had 5 spell levels left.
You didn't know any spells.
Your spell library contained the following spells:

 Spells                   Type           Power      Damage    Failure   Level
 Lesser Beckoning         Tloc           0%         N/A       43%         2
 Gell's Gravitas          Tloc           0%         N/A       67%         3
 Teleport Other           Tloc           0%         N/A       67%         3
 Tukima's Dance           Hex            0%         N/A       67%         3
 Dimensional Bullseye     Hex/Tloc       0%         N/A       97%         4
 Iskenderun's Mystic Bla  Conj/Tloc      0%         2d3       97%         4
 Summon Forest            Summ/Tloc      0%         N/A       100%        5
 Eringya's Noxious Bog    Tmut/Pois      0%         4d6       100%        6
 Summon Hydra             Summ           0%         N/A       100%        7


Dungeon Overview and Level Annotations

Branches:
Dungeon (3/15)

Altars:


Innate Abilities, Weirdness & Mutations

You are a hulking beast.
Your limbs bulge with bestial killing power. (Slay +2)
You cannot wear most types of armour.
You are amphibious.
You can wear up to eight rings at the same time.
Your skin changes colour to match your surroundings (Stealth+).
Your rubbery body absorbs attacks. (AC +1, EV +1)
((You are camouflaged when in or above water. (Stealth+)))
You have tentacles for arms and can constrict up to eight enemies at once.


Message History

You take 8 damage, and have 33/41 hp.
You tentacle-slap the orc priest. You grab the orc priest.
The orc priest is moderately wounded.
You constrict the orc priest, but do no damage.
The orc priest invokes the aid of Beogh against you.
Pain shoots through your body!
You take 12 damage, and have 25/41 hp.
MASSIVE DAMAGE!!
You tentacle-slap the orc priest but do no damage.
The orc priest is moderately wounded.
You constrict the orc priest.
The orc priest mumbles some strange prayers to Beogh against you.
Beogh smites you!
You take 10 damage, and have 15/41 hp.
MASSIVE DAMAGE!!
You tentacle-slap the orc priest but do no damage.
The orc priest is moderately wounded.
You constrict the orc priest. The orc misses you.
The orc priest hits you with a +0 club.
You take 1 damage, and have 14/41 hp.
You tentacle-slap the orc priest. You squeeze the orc priest.
You kill the orc priest!
The orc hits you from afar with a +0 trident.
* * * LOW HITPOINT WARNING * * *
Your Unarmed Combat skill increases to level 5!
You take 5 damage, and have 9/41 hp.
You tentacle-slap the orc priest. You grab the orc priest.
The orc priest is moderately wounded.
You constrict the orc priest.
The orc hits you from afar with a +0 trident!
* * * LOW HITPOINT WARNING * * *
The orc priest misses you.
You take 8 damage, and have 1/41 hp.
You bludgeon the orc priest!
You kill the orc priest!
The orc barely misses you.
Okay, then.
It was a potion of might.
You feel very mighty all of a sudden. The orc hits you but does no damage.
The orc hits you with a +0 trident!
You die...

#+### ...^. ########
...... #......#
..o...##......#
.....oo.......#######
......#...o...##....#
.....
#....)..##h##.############
####
#.......##o##.##..........
#.............##.#....####
##.........#####.#....#
#......####.....#....#####
#......# #.#####..<......
#......# #.# #....#####
#####'## #.# #....#
#.#####.# #..).#


You could see an orc.

Vanquished Creatures
  Sigmund (D:3)
  2 orc priests (D:3)
  Natasha (twice) (D:2)
  3 adders (D:2)
  2 dart slugs
  A worm (D:2)
  5 endoplasms
  2 giant cockroaches
  5 goblins
  2 hobgoblins (D:1)
  3 kobolds
  3 quokkas (D:1)
  7 bats
  A frilled lizard (D:2)
  5 rats (D:1)
44 creatures vanquished.

Notes
Turn   | Place    | Note
-------+----------+-------------------------------------------
     0 | D:1      | Dirtsage the Octopode Shapeshifter began the quest for the
                  | Orb.
     0 | D:1      | Reached XP level 1. HP: 13/13 MP: 1/1
     0 | D:1      | Noticed a shadow dragon
     3 | D:1      | Noticed an orb of fire
     5 | D:1      | Noticed a large abomination
     6 | D:1      | Noticed a large abomination
     7 | D:1      | Noticed an iron dragon
     9 | D:1      | Noticed an orb of fire
    11 | D:1      | Noticed a tentacled monstrosity
    11 | D:1      | Noticed an iron dragon
    13 | D:1      | Noticed an orb of fire
    16 | D:1      | Noticed an iron dragon
    16 | D:1      | Noticed an ice dragon
    18 | D:1      | Noticed a yellow draconian
    18 | D:1      | Noticed an orb of fire
    18 | D:1      | Noticed a shadow dragon
    20 | D:1      | Noticed an iron dragon
   309 | D:1      | Reached XP level 2. HP: 14/18 MP: 2/2
   329 | D:1      | You fall into a shaft and drop 1 floor!
   521 | D:1      | Reached XP level 3. HP: 23/23 MP: 3/3
  1458 | D:2      | Reached XP level 4. HP: 29/29 MP: 4/4
  1476 | D:2      | Noticed Natasha
  1478 | D:2      | Killed Natasha
  1479 | D:2      | Reached skill level 4 in Unarmed Combat
  1776 | D:2      | Noticed Natasha
  1783 | D:2      | Killed Natasha
  1784 | D:2      | Reached XP level 5. HP: 34/34 MP: 5/5
  1964 | D:3      | Noticed Sigmund
  1971 | D:3      | Killed Sigmund
  1972 | D:3      | Reached XP level 6. HP: 25/41 MP: 6/6
  2115 | D:3      | Reached skill level 5 in Unarmed Combat
  2115 | D:3      | HP: 1/41 [orc/+0 trident (8)]
  2119 | D:3      | Mangled by an orc

Illustrated notes

Levels and vault maps discovered:
D:1:      shiori_arrival_whats_in_store_for_you, layout_basic, st_stairs_4,
          hangedman_glass_teeth
D:2:      layout_basic, uniq_natasha
D:3:      minmay_wonky_spiral, layout_basic, grunt_gozag_statues,
          ebering_ecumenical_altar_abandoned, uniq_sigmund, uniq_robin

Skill      XL: |  1  2  3  4  5  6 |
---------------+-------------------+-----
Unarmed Combat | 4 5 |  5.1
Fighting       | 2 |  2.8
Shapeshifting  | 4 |  4.7
Dodging        | |  2.0

Action                     |  1- 3 |  4- 6 || total
---------------------------+-------+-------++-------
  Melee: Unarmed           |    72 |    21 ||    93
         Constrict         |    19 |     5 ||    24
         Tentacles         |    14 |     5 ||    19
         Punch             |     2 |       ||     2
    Use: Potion            |       |     1 ||     1
   Stab: Sleeping          |     9 |     1 ||    10
         Distracted        |     1 |       ||     1
 Armour: Skin              |    32 |    11 ||    43
  Dodge: Dodged            |    46 |     8 ||    54

Table legend: (Time is in decaauts)
 A = Elapsed time spent in this place.
 B = Non-inter-level travel time spent in this place.
 C = Inter-level travel time spent in this place.
 D = Time resting spent in this place.
 E = Time spent auto-exploring this place.
 F = Levels seen in this place.
 G = Mean time per level.
                   A        B        C        D        E       F      G
               +--------+--------+--------+--------+--------+-----+--------+
         Total |   2111 |   2038 |     73 |      0 |   1716 |   3 |  703.7 |
       Dungeon |   2111 |   2038 |     73 |      0 |   1716 |   3 |  703.7 |
               +--------+--------+--------+--------+--------+-----+--------+

Top non-repeatable levels by time:
     D:1: 1217 daAuts
     D:2: 740 daAuts
     D:3: 154 daAuts
